 Dungeon Crawl Stone Soup version 0.28.0-43-g3370ac3207 (webtiles) character file.

Game seed: 16170863262510504077

1935 protoss039 the Fighter (level 9, -1/73 HPs)
             Began as a Djinni Fire Elementalist on Mar 16, 2022.
             Was an Initiate of Makhleb.
             Slain by a centaur
             ... wielding the +3 mace "Fast" {vorpal, rN+}
              (2 damage)
             ... on level 6 of the Dungeon.
             The game lasted 00:11:02 (8739 turns).

protoss039 the Fighter (Djinni Fire Elementalist)   Turns: 8739, Time: 00:11:03

Health: -1/73      AC:  3    Str:  7    XL:     9   Next: 40%
Gold:   267        EV: 13    Int: 21    God:    Makhleb [......] SH:  0 Dex: 14

rFire   + . .      SeeInvis .   i - +2 dagger (drain)
rCold   . . .      Faith    .   (no shield)
rNeg    . . .      Spirit   .   a - +0 robe
rPois   ∞          Reflect  .   l - +0 helmet
rElec   .          Harm     .   v - scarf {repulsion}
rCorr   .          Rampage  .   (no gloves)
Will    .....                   (boots unavailable)
Stlth   ++........              (no amulet)
HPRegen 0.22/turn               h - ring of wizardry
MPRegen 0.00/turn               j - ring of ice

@: flying, repel missiles
A: sickness immunity, fire resistance 2, cold vulnerability 1, float, innate
caster, HP casting, extra vitality 1
a: Renounce Religion


You were on level 6 of the Dungeon.
You worshipped Makhleb.
Makhleb was noncommittal.
You visited 2 branches of the dungeon, and saw 7 of its levels.

You collected 267 gold pieces.

Inventory:

Hand Weapons
 i - a +2 dagger of draining (weapon)
 p - a +2 war axe of freezing
Armour
 a - a +0 robe (worn)
 l - a +0 helmet (worn)
 v - a scarf of repulsion (worn)
Jewellery
 h - a ring of wizardry (left hand)
 j - a ring of ice (right hand)
 s - a ring of resist corrosion
Wands
 m - a wand of iceblast (8)
Scrolls
 b - 2 scrolls of teleportation {unknown}
 c - 3 scrolls of identify {unknown}
 d - 2 scrolls of fear {unknown}
 f - 3 scrolls of blinking {unknown}
 g - a scroll of enchant weapon {unknown}
 k - a scroll of silence {unknown}
 n - 2 scrolls of enchant armour {unknown}
 o - 2 scrolls of magic mapping {unknown}
Potions
 e - 2 potions of resistance {unknown}
 q - a potion of curing
 r - a potion of attraction {unknown}
 t - a potion of heal wounds {unknown}
 u - a potion of degeneration {unknown}


   Skills:
 + Level 9.4 Fighting
 - Level 4.0 Dodging
 - Level 3.0 Stealth
 - Level 2.4 Spellcasting
 * Level 5.2 Invocations


You couldn't memorise any spells.
You knew the following spells:

 Your Spells              Type           Power      Damage    Failure   Level
a - Foxfire               Conj/Fire      48%        2x1d6     2%          1
b - Scorch                Fire           24%        2d6       3%          2
c - Conjure Flame         Conj/Fire      12%        6-21      6%          3
d - Inner Flame           Hex/Fire       12%        N/A       6%          3
e - Flame Wave            Conj/Fire      12%        2d6       21%         4
f - Animate Skeleton      Necr           24%        N/A       2%          1
g - Static Discharge      Conj/Air       12%        N/A       3%          2
h - Call Canine Familiar  Summ           12%        N/A       6%          3
i - Summon Guardian Gole  Hex/Summ       12%        N/A       6%          3
Your spell library was empty.

Dungeon Overview and Level Annotations

Branches:
Dungeon (6/15)             Temple (1/1) D:5

Altars:
Ashenzari
Cheibriados
Dithmenos
Elyvilon
Fedhas
Hepliaklqana
Makhleb
Nemelex Xobeh
Okawaru
Qazlal
Ru
Sif Muna
Trog
Vehumet
Wu Jian
Xom
Yredelemnul
Zin
The Shining One

Shops:
D:5 (

Annotations:
D:6 1 runed translucent door, Crazy Yiuf


Innate Abilities, Weirdness & Mutations

You are immune to sickness and miasma.
You are immune to poison.
Your flesh is very heat resistant. (rF++)
You are vulnerable to cold. (rC-)
You float through the air rather than walking.
You learn spells naturally, not from books.
Your magical power is your life essence.
You have superior vitality. (+4 MHP)


Message History

The centaur unwields the +3 mace "Fast" {vorpal, rN+}.
The centaur wields a +0 shortbow.
The centaur shoots an arrow.
The arrow hits you.
You start resting.
The centaur unwields a +0 shortbow.
The centaur wields the +3 mace "Fast" {vorpal, rN+}.
The centaur hits you with the +3 mace "Fast" {vorpal, rN+}.
The centaur completely misses you.
Casting: Scorch (safe; 3% risk of failure)
Confirm with . or Enter, or press ? or * to list all spells.
Flames lash the centaur.
The centaur is lightly wounded.
The centaur's fire resistance burns away.
The centaur hits you with the +3 mace "Fast" {vorpal, rN+}.
* * * LOW HITPOINT WARNING * * *
x2 The centaur kicks you but does no damage.
Unknown command.
Unknown command.
Casting: Scorch (safe; 3% risk of failure)
Confirm with . or Enter, or press ? or * to list all spells.
Flames lash the centaur.
The centaur is burned terribly!
The centaur is almost dead.
* * * LOW HITPOINT WARNING * * *
The centaur hits you with the +3 mace "Fast" {vorpal, rN+}.
* * * LOW HITPOINT WARNING * * *
x2 The centaur kicks you.
* * * LOW HITPOINT WARNING * * *
The centaur drinks a potion.
The centaur is healed!
Unknown command.
Unknown command.
You feel better. The centaur barely misses you. The centaur misses you.
Unknown command.
Unknown command.
You feel better.
The centaur hits you with the +3 mace "Fast" {vorpal, rN+}!
* * * LOW HITPOINT WARNING * * *
x2 The centaur kicks you but does no damage.
The centaur hits you with the +3 mace "Fast" {vorpal, rN+}!
* * * LOW HITPOINT WARNING * * *
You die...

### ## #..
...########### #.#
#.............. #c#
....#....###### #.#
#.#.#.##.# #(#
#.#.#.##.####
#.####.#.#.##....#..
#.#...>....(........
#.#@....##....#..#<.
#.c.....'.###.#.## .
###.....#.###.#.#
#.....#.......#
#.....#####...#
#.....# #.###
#.....# s.. #######
..


You could see a centaur (combustible).

Vanquished Creatures
  Grinder (D:6)
  Prince Ribbit (D:6)
  A steam dragon (D:6)
  Menkaure (D:6)
  4 ice beasts
  2 necrophages
  2 phantoms
  A bullfrog (D:5)
  A jelly (D:5)
  2 hounds
  A bullfrog skeleton (D:6)
  2 centaur skeletons (D:5)
  3 orc wizards (D:3)
  An iguana (D:4)
  A hound zombie (D:5)
  8 gnolls
  A howler monkey skeleton (D:6)
  5 adders
  2 white imps (D:5)
  3 worms
  3 dart slugs
  7 orcs
  6 ball pythons
  8 bats
  7 endoplasms
  2 giant cockroaches (D:1)
  5 goblins
  6 hobgoblins
  9 jackals
  5 quokkas
  2 frilled lizards
  6 kobolds
  A quokka skeleton (D:4)
  8 rats
118 creatures vanquished.

Vanquished Creatures (others)
  52 foxfires
52 creatures vanquished.

Grand Total: 170 creatures vanquished

Notes
Turn   | Place    | Note
-------+----------+-------------------------------------------
     0 | D:1      | protoss039 the Djinni Fire Elementalist began the quest for
                  | the Orb.
     0 | D:1      | Reached XP level 1. HP: 15/15 MP: 0/0
   127 | D:1      | Reached XP level 2. HP: 19/22 MP: 0/0
   128 | D:1      | Reached skill level 1 in Fighting
   774 | D:1      | Reached XP level 3. HP: 20/27 MP: 0/0
   774 | D:1      | Learned a level 1 spell: Animate Skeleton
  1306 | D:1      | Found a faded altar of an unknown god.
  1562 | D:2      | Reached skill level 2 in Fighting
  1576 | D:2      | Reached XP level 4. HP: 3/33 MP: 0/0
  3016 | D:3      | Reached XP level 5. HP: 31/39 MP: 0/0
  3016 | D:3      | Learned a level 2 spell: Static Discharge
  3639 | D:3      | Reached skill level 3 in Fighting
  4169 | D:3      | Reached XP level 6. HP: 41/46 MP: 0/0
  4270 | D:3      | Reached skill level 4 in Fighting
  5198 | D:4      | Reached skill level 5 in Fighting
  5198 | D:4      | Reached XP level 7. HP: 45/54 MP: 0/0
  5198 | D:4      | Learned a level 3 spell: Call Canine Familiar
  6198 | D:5      | Entered Level 5 of the Dungeon
  6353 | D:4      | Reached skill level 6 in Fighting
  6721 | D:4      | Reached skill level 7 in Fighting
  6721 | D:4      | Reached XP level 8. HP: 6/64 MP: 0/0
  7077 | D:5      | Found Kufynez's Weapon Boutique.
  7533 | D:5      | Found a staircase to the Ecumenical Temple.
  7541 | D:5      | Reached skill level 8 in Fighting
  7554 | Temple   | Entered the Ecumenical Temple
  7561 | Temple   | Became a worshipper of Makhleb the Destroyer
  7646 | D:5      | Reached skill level 1 in Invocations
  7805 | D:5      | Found a snail-covered altar of Cheibriados.
  7926 | D:6      | Found a runed translucent door.
  7927 | D:6      | Noticed Crazy Yiuf
  7991 | D:6      | Found an iron altar of Okawaru.
  7992 | D:6      | Found a shadowy altar of Dithmenos.
  7992 | D:6      | Found a glowing golden altar of the Shining One.
  7995 | D:6      | Noticed Grinder
  8003 | D:6      | Killed Grinder
  8116 | D:6      | Noticed Menkaure
  8121 | D:6      | Killed Menkaure
  8122 | D:6      | Reached XP level 9. HP: 65/71 MP: 0/0
  8122 | D:6      | Learned a level 3 spell: Summon Guardian Golem
  8134 | D:6      | Reached skill level 9 in Fighting
  8338 | D:6      | Noticed Prince Ribbit
  8344 | D:6      | Killed Prince Ribbit
  8431 | D:6      | Reached skill level 5 in Invocations
  8728 | D:6      | Identified the +3 mace "Fast" {vorpal, rN+}
  8739 | D:6      | HP: 1/73 [centaur/the +3 mace "Fast" {vorpal, rN+} (8)]
  8739 | D:6      | Slain by a centaur

Illustrated notes

Levels and vault maps discovered:
D:1:      dpeg_arrival_stonehenge_12_columns, layout_basic,
          ebering_ecumenical_altar_box
D:2:      layout_loops_ring, minmay_surrounded
D:3:      layout_basic, chequers_avenue
D:4:      layout_basic
D:5:      layout_rooms, mainiacjoe_overflow_small_starburst,
          minmay_temple_entry_drinking_statues, serial_shops,
          nicolae_shop_competitors_out_of_business
D:6:      layout_basic, gammafunk_temple_overflow_forgotten, uniq_grinder,
          uniq_crazy_yiuf_cottage, uniq_prince_ribbit1, uniq_menkaure
Temple:   nicolae_temple_no_exploring_needed

Skill      XL: |  1  2  3  4  5  6  7  8  9 |
---------------+----------------------------+-----
Fighting       | 1 2 3 5 7 8 9 |  9.4
Stealth        | 2 3 |  3.0
Dodging        | 3 4 |  4.0
Invocations    | 3 5 |  5.2
Spellcasting   | |  2.4

Action                   |  1- 3 |  4- 6 |  7- 9 || total
-------------------------+-------+-------+-------++-------
Melee: Short sword       |    12 |     7 |       ||    19
       Dagger            |       |    24 |    31 ||    55
 Cast: Foxfire           |    13 |    16 |     1 ||    30
       Scorch            |    28 |    62 |    90 ||   180
       Static Discharge  |       |     7 |       ||     7
  Use: Potion            |       |       |     2 ||     2
 Stab: Sleeping          |     1 |     1 |     5 ||     7
Armor: Robe              |     7 |    15 |    18 ||    40
Dodge: Dodged            |    23 |    39 |    55 ||   117
